 Dungeon Crawl Stone Soup version 0.21-a0-380-gd65dc97 (webtiles) character file.

43 theanonym the Charmwright (level 3, -1/28 HPs)
             Began as a Demonspawn Skald on Oct 17, 2017.
             Slain by an adder (2 damage)
             ... on level 2 of the Dungeon.
             The game lasted 00:01:33 (1205 turns).

theanonym the Charmwright (Demonspawn Skald)        Turns: 1205, Time: 00:01:34

Health: -1/28      AC:  3    Str:  8 (11) XL:     3   Next: 37%
Magic:  3/6        EV: 11    Int: 12 (15) God:
Gold:   29         SH:  0    Dex:  9 (12) Spells: 5/6 levels left

rFire    . . .     SeeInvis .   a - +0 mace
rCold    + . .     Gourm    .   (no shield)
rNeg     . . .     Faith    .   b - +0 leather armour
rPois    .         Spirit   .   (no helmet)
rElec    .         Reflect  .   (no cloak)
rCorr    .         Harm     .   (no gloves)
MR       .....                  (no boots)
Stlth    +.........             (no amulet)
HPRegen  0.09/turn              (no ring)
MPRegen  0.10/turn              (no ring)

@: lethally poisoned (-1 -> -11)
A: hooves 1, cold resistance 1
a: no special abilities


You were on level 2 of the Dungeon.
You were not hungry.

You visited 1 branch of the dungeon, and saw 2 of its levels.

You collected 29 gold pieces.

Inventory:

Hand Weapons
 a - a +0 mace (weapon)
Armour
 b - a +0 leather armour (worn)
Jewellery
 n - an uncursed amulet of the gourmand {unknown}
   (You found it on level 2 of the Dungeon)
Scrolls
 e - a scroll of magic mapping {unknown}
 f - a scroll of random uselessness
 j - a scroll of teleportation
 k - a scroll of enchant armour {unknown}
 m - a scroll of remove curse {unknown}
Potions
 l - a potion of magic {unknown}
Books
 c - a book of Battle

   Spells                             Type                      Level
   a - Infusion                       Charms                       1
   b - Shroud of Golubria             Charms/Translocation         2
   c - Song of Slaying                Charms                       2
   d - Spectral Weapon                Hexes/Charms                 3
   e - Regeneration                   Charms/Necromancy            3
Comestibles
 d - 2 bread rations
 g - 2 chunks of flesh


   Skills:
 * Level 2.6 Fighting
 * Level 2.4 Maces & Flails
 + Level 1.2 Armour
 - Level 1.7 Dodging
 + Level 2.2 Spellcasting
 + Level 2.8 Charms


You had 5 spell levels left.
You knew the following spells:

 Your Spells              Type           Power        Failure   Level  Hunger
a - Infusion              Chrm           #...         12%         1    ##.....


Dungeon Overview and Level Annotations

Branches:
Dungeon (2/15)

Altars:
Cheibriados


Innate Abilities, Weirdness & Mutations

You have large cloven feet.
Your flesh is cold resistant. (rC+)


Message History

Found a stone staircase leading down.
An ooze comes into view.
The ooze quivers.
An ooze is nearby!
An ooze is nearby!
An ooze is nearby!
The ooze closely misses you.
You hit the ooze. You kick the ooze. The ooze hits you but does no damage.
You hit the ooze. The ooze hits you but does no damage.
You hit the ooze. The ooze hits you. The ooze misses you.
You take 1 damage, and have 27/28 hp.
You hit the ooze.
You kill the ooze!
No target in view!
n - a dented citrine amulet Health restored: 28
As you read the scroll labeled XUVVALYNOIL, it crumbles to dust.
Your +0 mace glows mottled umber for a moment.
It was a scroll of random uselessness.
As you read the scroll labeled JUSISHOOMA, it crumbles to dust.
You feel strangely unstable.
It was a scroll of teleportation.
Your surroundings suddenly seem different.
An adder comes into view.
The adder hisses angrily.
An adder comes into view.
The adder hisses angrily.
Found a bubbling silvery potion.
A rat comes into view.
Okay, then.
You begin infusing your attacks with magical energy.
The adder bites you.
You take 4 damage, and have 24/28 hp.
You now have 5/6 mp.
You hit the adder! You kick the adder, but do no damage. The adder bites you.
You are poisoned.
The adder poisons you! The adder misses you.
You take 5 damage, and have 19/28 hp.
You now have 4/6 mp.
You barely miss the adder. You kick the adder, but do no damage.
You feel sick. The adder bites you.
You are more poisoned.
The adder poisons you! The adder bites you.
* * * LOW HITPOINT WARNING * * *
You take 9 damage, and have 10/28 hp.
MASSIVE DAMAGE!!
You hit the adder.
You kill the adder!
* * * LOW HITPOINT WARNING * * *
You feel sick. The adder bites you.
* * * LOW HITPOINT WARNING * * *
You are more poisoned.
The adder poisons you!
You take 6 damage, and have 4/28 hp.
MASSIVE DAMAGE!!
You now have 3/6 mp.
* * * LOW HITPOINT WARNING * * *
You feel sick.
You take 1 damage, and have 3/28 hp.
It was a potion of degeneration.
There was something very wrong with that liquid.
You feel weakened.
You feel dopey.
You feel clumsy.
* * * LOW HITPOINT WARNING * * *
You feel sick. The adder bites you but does no damage.
Unknown command.
Unknown command.
You take 1 damage, and have 2/28 hp.
Unknown command.
Unknown command.
Unknown command.
Unknown command.
Unknown command.
Unknown command.
Unknown command.
Unknown command.
Unknown command.
Unknown command.
Unknown command.
Unknown command.
Unknown command.
Unknown command.
Unknown command.
Unknown command.
Unknown command.
Unknown command.
Unknown command.
Unknown command.
Unknown command.
Unknown command.
Unknown command.
Unknown command.
Unknown command.
Unknown command.
It was a potion of cancellation.
Your magical effects are unravelling.
You feel magically purged.
You are no longer magically infusing your attacks.
* * * LOW HITPOINT WARNING * * *
You feel sick. The adder closely misses you. The adder bites you.
You die...

##....# #....# #.>..+
#....# #....#
#....#########
#............. ###.#
#.....############......
#.....##......@Sr.......
#####.##.##...####....#.
####'##.##... ...#
#.......#.!.. ##..
#.......#.... .
#.......+....
#.......##### #.......+
#.......##


You could see an adder and a rat.

Vanquished Creatures
  An adder (D:2)
  An ooze (D:2)
  A dart slug (D:1)
  3 leopard geckos (D:1)
  3 giant cockroaches (D:1)
  3 goblins (D:1)
  3 hobgoblins (D:1)
  3 bats (D:1)
  4 kobolds (D:1)
22 creatures vanquished.

Notes
Turn   | Place    | Note
-------+----------+-------------------------------------------
     0 | D:1      | theanonym the Demonspawn Skald began the quest for the Orb.
     0 | D:1      | Reached XP level 1. HP: 16/16 MP: 3/3
    18 | D:1      | Found a snail-covered altar of Cheibriados.
   239 | D:1      | Reached skill level 2 in Maces & Flails
   239 | D:1      | Reached skill level 1 in Armour
   297 | D:1      | Gained mutation: You have large cloven feet. [demonic ancestry]
   297 | D:1      | Reached XP level 2. HP: 22/22 MP: 5/5
   995 | D:1      | Gained mutation: Your flesh is cold resistant. (rC+) [demonic ancestry]
   995 | D:1      | Reached XP level 3. HP: 20/28 MP: 6/6
  1204 | D:2      | HP: 2/28 [poisoned by an adder]
  1205 | D:2      | Slain by an adder

Vault maps used:
D:1:      scummos_arrival_simple_crosswalls, cheibriados_altar_1
D:2:      first_bread, minmay_tripent

Skill      XL: |  1 |
---------------+----+-----
Maces & Flails | 2 |  2.4
Armour         | 1 |  1.2
Fighting       | |  2.6
Dodging        | |  1.7
Spellcasting   | |  2.2
Charms         | |  2.8

Action                   || total
-------------------------++-------
Melee: Mace              ||    65
       Kick              ||     8
 Cast: Infusion          ||     1
  Use: Scroll            ||     2
       Potion            ||     2
  Eat: Chunk             ||     1
Armor: Leather armour    ||    26
Dodge: Dodged            ||    46

Table legend:
 A = Spawn XP
 B = Non-spawn XP
 C = Spawn XP percentage of total XP
 D = Spawn monster count
 E = Non-spawn monster count
 F = Spawn count percentage of total count
 G = Total turns spent on level
                    A         B        C        D         E        F      G
               +---------+---------+-------+---------+---------+-------+---------
         Total |       0 |      62 |   0.0 |       0 |      22 |   0.0 |  1205
               +---------+---------+-------+---------+---------+-------+---------
           D:1 |       0 |      42 |   0.0 |       0 |      20 |   0.0 |  1146
           D:2 |       0 |      20 |   0.0 |       0 |       2 |   0.0 |    59
               +---------+---------+-------+---------+---------+-------+---------
